 Dungeon Crawl Stone Soup version 0.28-a0-413-gde365fb1df (webtiles) character file.

Game seed: 8844516331443264270

252 lunkers the Magician (level 6, 0/45 HPs)
             Began as a Djinni Earth Elementalist on Sept 7, 2021.
             Killed by their own static electricity (2 damage)
             ... on level 3 of the Dungeon.
             The game lasted 00:04:47 (4026 turns).

lunkers the Magician (Djinni Earth Elementalist)    Turns: 4026, Time: 00:04:48

Health: 0/45       AC:  4    Str:  7    XL:     6   Next: 36%
Gold:   143        EV: 12    Int: 19    God:
                   SH:  4    Dex: 19

rFire   + + .      SeeInvis .   (no weapon)
rCold   x . .      Faith    .   i - +0 buckler
rNeg    . . .      Spirit   .   b - +0 robe
rPois   ∞          Reflect  .   a - +0 helmet
rElec   .          Harm     .   (no cloak)
rCorr   .          Rampage  .   o - +0 pair of gloves
Will    .....                   (boots unavailable)
Stlth   ++........              (no amulet)
HPRegen 0.15/turn               l - +6 ring of dexterity
MPRegen 0.00/turn               (no ring)

@: flying
A: sickness immunity, fire resistance 2, cold vulnerability 1, float, innate
caster, hp casting, extra vitality 1
a: no special abilities


You were on level 3 of the Dungeon.
You visited 1 branch of the dungeon, and saw 6 of its levels.

You collected 143 gold pieces.

Inventory:

Missiles
 c - 66 stones
Armour
 a - a +0 helmet (worn)
 b - a +0 robe (worn)
 i - a +0 buckler (worn)
 o - a +0 pair of gloves (worn)
Jewellery
 l - a +6 ring of dexterity (left hand)
Wands
 j - a wand of polymorph (8)
 p - a wand of mindburst (8)
Scrolls
 f - 2 scrolls of identify
 g - a scroll of teleportation {unknown}
 h - a scroll of vulnerability {unknown}
 k - a scroll of immolation {unknown}
 m - a scroll of enchant armour {unknown}
 r - a scroll of enchant weapon
Potions
 d - 2 potions of curing
 e - 2 potions of brilliance
 n - a potion of flight
 q - a potion of lignification


   Skills:
 + Level 2.9 Fighting
 - Level 2.1 Dodging
 - Level 1.5 Stealth
 + Level 1.3 Shields
 * Level 4.3 Spellcasting


You couldn't memorise any spells.
You knew the following spells:

 Your Spells              Type           Power      Damage    Failure   Level
a - Static Discharge      Conj/Air       20%        N/A       4%          2
b - Passwall              Tmut/Erth      16%        N/A       4%          2
c - Stone Arrow           Conj/Erth      40%        3d9       10%         3
d - Petrify               Tmut/Erth      20%        N/A       32%         4
e - Beastly Appendage     Tmut           40%        N/A       3%          1
f - Sandblast             Erth           40%        2d10      3%          1
Your spell library was empty.

Dungeon Overview and Level Annotations

Branches:
Dungeon (6/15)
 Temple: D:4-7

Altars:
Trog


Innate Abilities, Weirdness & Mutations

You are immune to sickness and miasma.
You are immune to poison.
Your flesh is very heat resistant. (rF++)
You are vulnerable to cold. (rC-)
You float through the air rather than walking.
You learn spells naturally, not from books.
Your magical power is your life essence.
You have superior vitality. (+4 HP)


Message History

* * * LOW HITPOINT WARNING * * *
The lightning grounds out.
* * * LOW HITPOINT WARNING * * *
The endoplasm quivers.
You block the endoplasm's attack. The endoplasm freezes you.
You are frozen.
You feel a terrible chill!
* * * LOW HITPOINT WARNING * * *
Casting: Static Discharge (safe; 4% risk of failure)
Press: ? - help, Q - select action, (/) - cycle Dir - look around, f - activate The fungus is struck by an arc of lightning!
The fungus begins to die.
The fungus is lightly damaged.
The lightning grounds out.
* * * LOW HITPOINT WARNING * * *
The endoplasm hits you.
* * * LOW HITPOINT WARNING * * *
The endoplasm closely misses you.
Unknown command.
Casting: Static Discharge (safe; 4% risk of failure)
Press: ? - help, Q - select action, (/) - cycle Dir - look around, f - activate The endoplasm is struck by an arc of lightning!
You kill the endoplasm!
The fungus is struck by an arc of lightning!
The fungus is lightly damaged.
The lightning grounds out.
The endoplasm is struck by an arc of lightning!
You kill the endoplasm!
The fungus is struck by an arc of lightning.
The fungus begins to die.
The fungus is lightly damaged.
The lightning grounds out.
* * * LOW HITPOINT WARNING * * *
A nearby fungus withers and dies.
Casting: Static Discharge (safe; 4% risk of failure)
Press: ? - help, Q - select action, (/) - cycle Dir - look around, f - activate The fungus is struck by an arc of lightning!
The fungus is lightly damaged.
You are struck by an arc of lightning.
You die...

.##### #.####...###. ..#
############...##...#...
##########.##.J÷..[##............
####....#.#.#P÷.÷.P##............
.##.....#.#)#J..÷..##.....####...
.'))....#'#.#P..÷PP##............
.).)...)..#.#......###....#######
.'.)......#.#..÷P..# ######
.##.......#.#...@÷.#
####......##'.÷...P#
##########......# # ######## ###
#.. #.. #.. #.. ## #..


You could see 2 endoplasms.

Vanquished Creatures
  An ogre (D:2)
  2 jellies (D:3)
  2 adders
  An ufetubus (D:5)
  2 worms
  A dart slug (D:1)
  2 orcs (D:3)
  3 ball pythons
  15 endoplasms
  A giant cockroach (D:1)
  6 goblins
  4 hobgoblins
  5 jackals
  3 quokkas
  4 bats
  2 frilled lizards (D:1)
  11 kobolds
  A rat (D:1)
66 creatures vanquished.

Vanquished Creatures (others)
  4 fungi (D:3)
  4 toadstools (D:3)
8 creatures vanquished.

Grand Total: 74 creatures vanquished

Notes
Turn   | Place    | Note
-------+----------+-------------------------------------------
     0 | D:1      | lunkers the Djinni Earth Elementalist began the quest for
                  | the Orb.
     0 | D:1      | Reached XP level 1. HP: 15/15 MP: 0/0
   269 | D:1      | Found a faded altar of an unknown god.
   329 | D:1      | Reached XP level 2. HP: 21/22 MP: 0/0
   729 | D:1      | Reached skill level 1 in Fighting
   863 | D:1      | Reached XP level 3. HP: 26/27 MP: 0/0
   863 | D:1      | Learned a level 1 spell: Beastly Appendage
   887 | D:1      | Reached skill level 3 in Spellcasting
  1241 | D:2      | Found a bloodstained altar of Trog.
  1346 | D:2      | Noticed an ogre
  1358 | D:2      | Killed an ogre
  1359 | D:2      | Reached XP level 4. HP: 6/34 MP: 0/0
  1359 | D:2      | Reached XP level 5. HP: 7/39 MP: 0/0
  1359 | D:2      | Learned a level 2 spell: Static Discharge
  2229 | D:3      | You are sucked into a shaft and drop 3 floors!
  2253 | D:5      | Entered Level 5 of the Dungeon
  2829 | D:3      | Reached skill level 4 in Spellcasting
  4013 | D:3      | Reached skill level 1 in Shields
  4013 | D:3      | Reached XP level 6. HP: 37/45 MP: 0/0
  4026 | D:3      | Killed from afar by themself

Illustrated notes

Levels and vault maps discovered:
D:1:      psy_arrival_terrarium, layout_loops_ring,
          shapermc_ecumenical_altar_petra, glass_columns_a
D:2:      layout_basic, basic_altar
D:3:      cheibrodos_fertilizer, layout_basic
D:4:      layout_loops_corners, minmay_temple_entry_nine_rooms, uniq_grinder
D:5:      layout_loops_cross
D:6:      layout_gridville, minmay_overflow_temple_star_quad

Skill      XL: |  1  2  3  4  5 |
---------------+----------------+-----
Fighting       | 1 2 |  2.9
Spellcasting   | 3 4 |  4.3
Shields        | 1 |  1.3
Dodging        | |  2.1
Stealth        | |  1.5

Action                   |  1- 3 |  4- 6 || total
-------------------------+-------+-------++-------
Melee: Unarmed           |       |     2 ||     2
 Cast: Sandblast         |    45 |    12 ||    57
       Static Discharge  |       |    38 ||    38
  Use: Scroll            |       |     6 ||     6
Armor: Robe              |     5 |     7 ||    12
Dodge: Dodged            |     9 |    18 ||    27
Block: Buckler           |       |    11 ||    11

Table legend: (Time is in decaauts)
 A = Elapsed time spent in this place.
 B = Non-inter-level travel time spent in this place.
 C = Inter-level travel time spent in this place.
 D = Time resting spent in this place.
 E = Time spent auto-exploring this place.
 F = Levels seen in this place.
 G = Mean time per level.
                   A        B        C        D        E       F      G
               +--------+--------+--------+--------+--------+-----+--------+
         Total |   4025 |   4005 |     20 |      0 |   3603 |   6 |  670.8 |
       Dungeon |   4025 |   4005 |     20 |      0 |   3603 |   6 |  670.8 |
               +--------+--------+--------+--------+--------+-----+--------+

Top non-repeatable levels by time:
     D:3: 1393 daAuts
     D:2: 1095 daAuts
     D:1: 1054 daAuts
     D:4: 277 daAuts
     D:5: 180 daAuts
     D:6: 23 daAuts
